 Dungeon Crawl Stone Soup version 0.18-a0-5-gf1fb587 (webtiles) character file.

28 mrath the Digger (level 3, 0/19 HPs)
             Began as a Gargoyle Earth Elementalist on Nov 1, 2015.
             Slain by Terence
             ... wielding a +0 falchion
              (1 damage)
             ... on level 1 of the Dungeon.
             The game lasted 00:09:51 (1272 turns).

mrath the Digger (Gargoyle Earth Elementalist)      Turns: 1272, Time: 00:09:52

Health: 0/19       AC:  5    Str: 11    XL:     3   Next: 12%
Magic:  5/7        EV: 12    Int: 16    God:
Gold:   21         SH:  0    Dex: 10    Spells: 1 memorised, 7 levels left

rFire  . . .     SeeInvis .     e - +0 club
rCold  . . .     Clarity  .     b - +0 robe
rNeg   + . .     SustAt   .     (no shield)
rPois  ∞         Gourm    .     (no helmet)
rElec  +         Spirit   .     (no cloak)
rCorr  .         Warding  .     (no gloves)
rMut   .         Stasis   .     (no boots)
MR     .....                    (no amulet)
Stlth  ++........               (no ring)
                                (no ring)

@: slowed, very slow, not resistant to hostile enchantments, unstealthy
A: negative energy resistance 1, electricity resistance, unbreathing,
petrification resistance, rot immunity, AC +3
a: no special abilities


You were on level 1 of the Dungeon.
You were not hungry.

You visited 1 branch of the dungeon, and saw 2 of its levels.

You collected 21 gold pieces.

Inventory:

Hand Weapons
 e - a +0 club (weapon)
Missiles
 a - 23 stones (quivered)
Armour
 b - a +0 robe (worn)
Scrolls
 f - a scroll of enchant weapon {unknown}
 h - a scroll of identify {unknown}
 i - a scroll of fog {unknown}
Potions
 k - a potion of beneficial mutation {unknown}
 l - a potion of ambrosia {unknown}
Books
 c - a book of Geomancy

   Spells                             Type                      Level
   a - Sandblast                      Earth                        1
   b - Stoneskin                      Transmutation/Earth          2
   c - Passwall                       Transmutation/Earth          3
   d - Stone Arrow                    Conjuration/Earth            3
   e - Petrify                        Transmutation/Earth          4
   f - Lee's Rapid Deconstruction     Earth                        5
Comestibles
 d - a bread ration


   Skills:
 - Level 1.5 Dodging
 - Level 2.1 Stealth
 * Level 3.0 Spellcasting
   Level 0.7 Transmutations
 + Level 4.0 Earth Magic


You had 7 spell levels left.
You knew the following spells:

 Your Spells              Type           Power        Failure   Level  Hunger
a - Sandblast             Erth           ###...       4%          1    #......


Dungeon Overview and Level Annotations

Branches:
Dungeon (2/15)

Altars:

Annotations:
D:1 Terence
D:2 Ijyb


Innate Abilities, Weirdness & Mutations

You are resistant to torment.
Your stone body is resilient (AC +3).
You are immune to poison.
You resist negative energy.
You are resistant to electric shocks.
You can survive without breathing.
You are immune to petrification.
You are immune to rotting.


Message History

* * * LOW HITPOINT WARNING * * *
Terence barely misses you.
Casting: Sandblast
Confirm with . or Enter, or press ? or * to list all spells.
Aiming: Sandblast
Press: ? - help, Shift-Dir - straight line, f/p - Terence
Aim: Terence, wielding a falchion, wearing a chain mail and carrying a wand of slowing {empty} (moderately wounded)
The blast of sand hits Terence.
Terence is moderately wounded.
The hobgoblin closely misses you. Terence barely misses you.
Casting: Sandblast
Confirm with . or Enter, or press ? or * to list all spells.
Aiming: Sandblast
Press: ? - help, Shift-Dir - straight line, f/p - Terence
Aim: Terence, wielding a falchion, wearing a chain mail and carrying a wand of slowing {empty} (moderately wounded)
The blast of sand hits Terence.
Terence is moderately wounded.
The hobgoblin hits you but does no damage.
Terence hits you with a falchion.
You die...

..#....#....## #.#
.g#...##....# #.#
......##....####'###
......###..........#
......# #..........#
......# #..........#
......# #..........#
......# #......@g..#
...#### #.......@..#
...# #..........#
...# #..........#
...# #..........#
...# #..........#
...# #..........#
...# #..........#
...# #........(.#
#### ########..###


You could see Terence and a hobgoblin.

Vanquished Creatures
  2 giant geckos (D:1)
  2 giant cockroaches (D:1)
  2 hobgoblins (D:1)
  4 kobolds (D:1)
  A ball python (D:1)
  3 bats (D:1)
  5 goblins (D:1)
  4 rats (D:1)
23 creatures vanquished.

Notes
Turn   | Place    | Note
--------------------------------------------------------------
     0 | D:1      | mrath the Gargoyle Earth Elementalist began the quest for the Orb.
     0 | D:1      | Reached XP level 1. HP: 10/10 MP: 3/3
   354 | D:1      | Reached XP level 2. HP: 15/15 MP: 1/5
   749 | D:1      | Reached XP level 3. HP: 19/19 MP: 0/7
   923 | D:1      | Reached skill level 4 in Earth Magic
  1196 | D:2      | Noticed Terence
  1196 | D:2      | Noticed Ijyb
  1272 | D:1      | Slain by Terence

Vault maps used:
D:1:      dpeg_arrival_radiant
D:2:      fedhas_altar_4, uniq_terence, uniq_crazy_yiuf_cottage, uniq_iyjb

Action                   || total
-------------------------++-------
 Cast: Sandblast         ||    45
  Use: Potion            ||     1
  Eat: Beef jerky        ||     1
